Map: Through the Darkness

Players

Tesla - Winner!

  • Race: Protoss Protoss

askjdhflI

  • Race: Terran Terran

VOD

Have the link to the VOD?

Description

Time

  • Played on: Oct. 8, 2016, 6:40 p.m.
  • Length: 8:00
Show
View Real Time Build Order
Export as new Build Order

Tesla Protoss - Winner!

Build Orders:  

Get SALT Encoding   

  12  0:01  Probe (Chrono Boost)  
  13  0:11  Probe (Chrono Boost)  
  14  0:21  Pylon  
  14  0:22  Probe (Chrono Boost)  
  15  0:39  Gateway, Probe (Chrono Boost)  
  16  0:45  Assimilator  
  16  0:49  Probe (Chrono Boost)  
  17  1:00  Probe (Chrono Boost)  
  18  1:09  Pylon  
  18  1:10  Probe (Chrono Boost)  
  19  1:21  Probe (Chrono Boost)  
  20  1:26  Cybernetics Core  
  20  1:31  Probe (Chrono Boost)  
  21  1:42  Probe (Chrono Boost)  
  22  1:49  Nexus  
  22  1:53  Probe (Chrono Boost)  
  23  1:55  Assimilator  
  23  2:04  Mothership Core (Chrono Boost)  
  25  2:12  Adept  
  27  2:21  Warp Gate  
  27  2:22  Probe (Chrono Boost)  
  28  2:23  Pylon  
  28  2:33  Probe (Chrono Boost)  
  29  2:39  Adept  
  29  2:42  Gateway  
  31  2:44  Pylon  
  31  2:49  Probe (Chrono Boost)  
  32  3:00  Forge  
  32  3:01  Probe (Chrono Boost)  
  32  3:04  Probe (Chrono Boost)  
  32  3:05  Sentry  
  37  3:13  Probe (Chrono Boost)  
  37  3:19  Probe (Chrono Boost)  
  38  3:22  Pylon  
  38  3:25  Probe (Chrono Boost)  
  39  3:28  Protoss Ground Weapons Level 1  
  39  3:29  Stalker  
  39  3:31  Probe (Chrono Boost)  
  42  3:35  Stalker  
  42  3:40  Probe (Chrono Boost)  
  45  3:48  Probe (Chrono Boost)  
  46  3:52  Probe (Chrono Boost)  
  47  4:00  Probe (Chrono Boost)  
  47  4:02  Gateway  
  48  4:04  Robotics Facility  
  48  4:08  Probe (Chrono Boost)  
  49  4:14  Probe (Chrono Boost)  
  49  4:16  Assimilator  
  50  4:19  Assimilator  
  50  4:20  Probe (Chrono Boost)  
  51  4:26  Probe (Chrono Boost)  
  51  4:30  Stalker, Pylon  
  55  4:32  Stalker, Probe (Chrono Boost)  
  58  4:39  Probe (Chrono Boost)  
  58  4:44  Probe (Chrono Boost)  
  59  4:49  Twilight Council  
  59  4:50  Pylon  
  59  4:51  Probe (Chrono Boost)  
  60  4:55  Stalker  
  60  4:58  Stalker  
  60  4:59  Observer  
  65  5:03  Probe (Chrono Boost)  
  65  5:04  Adept  
  68  5:10  Gateway  
  68  5:14  Resonating Glaives  
  68  5:17  Protoss Ground Armor Level 1  
  68  5:20  Observer, Stalker  
  71  5:26  Stalker  
  71  5:41  Warp Prism  
  63  5:44  Adept x2  
  63  5:51  Stalker  
  67  5:58  Mothership Core (Chrono Boost)  
  67  6:03  Probe (Chrono Boost)  
  68  6:11  Adept x2  
  70  6:17  Stalker x2  
  76  6:23  Nexus  
  76  6:25  Pylon  
  74  6:27  Pylon  
  69  6:41  Immortal  
  69  6:42  Stalker  
  69  6:43  Stalker x2  
  69  6:44  Stalker  
  79  7:02  Gateway  
  79  7:04  Gateway  
  79  7:06  Pylon  
  79  7:12  Stalker  
  79  7:13  Adept  
  83  7:17  Stalker  
  83  7:20  Warp Prism  
  81  7:30  Stalker  
  79  7:40  Stalker x3  
Show
View Real Time Build Order
Export as new Build Order

askjdhflI Terran 

Build Orders: MMM Bio 

Get SALT Encoding   

  12  0:01  SCV  
  13  0:15  SCV  
  13  0:20  Supply Depot  
  14  0:27  SCV  
  15  0:42  SCV  
  16  0:44  Barracks  
  16  0:48  Refinery  
  16  0:54  SCV  
  17  1:06  SCV  
  18  1:18  SCV  
  19  1:31  SCV  
  20  1:35  Command Center  
  20  1:37  Barracks Reactor  
  20  1:46  Orbital Command  
  20  1:56  Barracks  
  20  2:14  SCV  
  21  2:15  Marine  
  21  2:16  Marine  
  23  2:25  Supply Depot  
  23  2:34  Refinery  
  23  2:44  Barracks Tech Lab  
  23  2:46  Marine x2, Factory, Engineering Bay  
  25  2:52  SCV  
  25  2:56  Orbital Command  
  26  3:05  Marine x3  
  29  3:13  Supply Depot  
  29  3:14  SCV  
  30  3:20  Missile Turret  
  30  3:26  Stimpack  
  30  3:29  Marine  
  30  3:32  Marine  
  32  3:35  Marine  
  32  3:40  Factory Reactor  
  33  3:48  Starport  
  33  3:57  Marine x3  
  36  4:09  SCV x2  
  38  4:11  Terran Infantry Weapons Level 1  
  38  4:21  SCV x2  
  38  4:22  Marine x3, Supply Depot  
  43  4:32  Factory Reactor  
  43  4:34  Medivac x2  
  43  4:38  SCV x2  
  49  4:41  Marine x2  
  49  4:42  Marine  
  52  4:49  Missile Turret  
  52  4:58  Supply Depot  
  52  4:59  Marine x2  
  54  5:04  SCV x2  
  56  5:17  Marine  
  56  5:18  Marine x2  
  56  5:19  Medivac  
  56  5:20  Medivac  
  63  5:22  Widow Mine x2  
  63  5:26  Supply Depot  
  67  5:28  Supply Depot  
  64  5:41  Marine x2  
  64  5:42  Marauder  
  53  5:51  Widow Mine x2  
  53  5:52  Medivac  
  53  5:54  SCV x2  
  53  5:55  Refinery  
  60  6:07  SCV x2  
  60  6:09  Combat Shields  
  62  6:11  Marine x2  
  62  6:14  Marine  
  65  6:20  Barracks  
  65  6:23  Barracks  
  64  6:36  Marine x2  
  64  6:37  Marauder  
  56  6:49  Widow Mine  
  56  6:50  Medivac, Widow Mine  
  62  6:55  SCV x2  
  62  6:59  Marauder  
  66  7:04  Marine x2  
  65  7:12  SCV x2  
  69  7:17  Barracks Tech Lab  
  69  7:18  Barracks Tech Lab  
  67  7:24  SCV x2  
  58  7:34  Marine  
  58  7:35  Marine  
  58  7:36  Marauder x2  
Tags
 
Add a new tag
Caveats
  • Supply blocks, unpowered buildings, or Contaminate may cause inaccurate times.
  • Supply counts are checked every 10 seconds.